 Dungeon Sprint DCSS version 0.31-a0-662-g684573625c (webtiles) character file.

Game seed: 17995247463064390629

942 sircluck the Grappler (level 7, -2/81 HPs)
             Began as a Troll Berserker on Sept 2, 2023.
             Was a Priest of Trog.
             Slain by a hellwing (11 damage)
             ... summoned by a kobold demonologist
             ... in the Dungeon (Sprint I: "Red Sonja").
             The game lasted 00:01:06 (215 turns).

sircluck the Grappler (Troll Berserker)              Turns: 215, Time: 00:01:07

Health: -2/81      AC:  4    Str: 28    XL:     7   Next: 88%
Magic:  6/6        EV: 12    Int:  3    God:    Trog [***...]
Gold:   405        SH:  0    Dex:  9    Spells: 6/6 levels left

rFire   . .          .
                       - Unarmed
rCold   . . .        (no shield)
rNeg    . . .        a - +0 animal skin
rPois   .            (helmet restricted)
rElec   .            (no cloak)
rCorr   .            (gloves unavailable)
SInv    .            (boots unavailable)
Will    .....        (no amulet)
Stlth   +            (no ring)
HPRegen 1.13/turn    (no ring)
MPRegen 0.10/turn

%: no teleportation
@: no status effects
A: large, unfitting armour, claws 3, regeneration 1, shaggy fur 1, tough skin 1
a: Renounce Religion, Berserk, Trog's Hand


You were in the Dungeon.
You worshipped Trog.
Trog was most pleased with you.
You visited 1 branch You collected 405 gold pieces.

Inventory:

Armour
 a - a +0 animal skin (worn)
Wands
 h - a wand of flame (23)
Scrolls
 g - a scroll of blinking
 i - a scroll of vulnerability {unknown}
Potions
 b - a potion of curing
 c - a potion of heal wounds
 d - a potion of haste
 e - 2 potions of magic
 f - a potion of berserk rage
 j - a potion of might {unknown}


   Skills:
 + Level 8.9 Fighting
 + Level 8.8 Dodging
 + Level 10.5 Unarmed Combat


You had 6 spell levels left.
You didn't know any spells.
Your spell library was empty.

Dungeon Overview and Level Annotations

Branches:
Dungeon (1/1)

Altars:
Cheibriados
Dithmenos
Elyvilon
Fedhas
Gozag
Hepliaklqana
Kikubaaqudgha
Makhleb
Nemelex Xobeh
Okawaru
Qazlal
Ru
Sif Muna
Trog
Uskayaw
Vehumet
Wu Jian
Xom
Yredelemnul
Zin
The Shining One
Jiyva
Lugonu

Shops:
D [


Innate Abilities, Weirdness & Mutations

You are too large for most types of armour.
You have claws for hands.
Your natural rate of healing is unusually fast.
You are covered in fur. (AC +1)
You have tough skin. (AC +1)


Message History

The ufetubus disappears in a puff of smoke! x3
The ynoxinul disappears in a puff of smoke!
The hellwing barely misses you. The hellwing hits you.
Your Unarmed Combat skill increases to level 10!
You mangle the kobold demonologist!!
The kobold demonologist is heavily wounded.
The hellwing hits you! The hellwing hits you.
The kobold demonologist hits you with a +0 dagger.
The soul eater draws from the surrounding life force!
* * * LOW HITPOINT WARNING * * *
Unknown command.
You scratch the kobold demonologist.
The kobold demonologist is heavily wounded.
The hellwing barely misses you. The hellwing hits you.
* * * LOW HITPOINT WARNING * * *
The kobold demonologist miscasts a cantrip.
You barely miss the kobold demonologist.
The kobold demonologist is heavily wounded.
You miss the kobold demonologist.
The kobold demonologist is heavily wounded.
The kobold demonologist hits you with a +0 dagger.
* * * LOW HITPOINT WARNING * * *
The hellwing swoops through the air toward you!
The hellwing closely misses you. The hellwing misses you.
You scratch the kobold demonologist.
The kobold demonologist is severely wounded.
The kobold demonologist hits you but does no damage.
The soul eater draws from the surrounding life force!
You scratch the kobold demonologist.
The kobold demonologist is severely wounded.
The hellwing hits you.
* * * LOW HITPOINT WARNING * * *
The hellwing hits you but does no damage.
The kobold demonologist gestures wildly while chanting.
The soul eater draws from the surrounding life force!
* * * LOW HITPOINT WARNING * * *
You closely miss the kobold demonologist.
The kobold demonologist is severely wounded.
The hellwing hits you!
You die...

#####################
)'..#.)'..#__#.4@3..#
.#..'..#..'..'..#K5.#
###'#####'#__####5..+
##..#...#[#### ####
_####..##.#
____##'#_.+
.∩...†..._#
..__##_.#'#
____###+#.#


You could see a soul eater (summoned), a hellwing (summoned), a kobold
demonologist, an iron imp (summoned) and a shadow imp (summoned).

Vanquished Creatures
  A kobold demonologist (D)
  Sigmund (D)
  A slime creature (D)
  A yak (D)
  A floating eye (D)
  An ogre (D)
  A jelly (D)
  Ijyb (D)
8 creatures vanquished.

Notes
Turn   | Place    | Note
-------+----------+-------------------------------------------
     0 | D        | sircluck the Troll Berserker began the quest for the Orb.
     0 | D        | Reached XP level 1. HP: 22/22 MP: 0/0
     1 | D        | Noticed Ijyb
     5 | D        | Killed Ijyb
     6 | D        | Reached skill level 4 in Unarmed Combat
     6 | D        | Reached XP level 2. HP: 27/32 MP: 1/1
    11 | D        | Noticed an ogre
    16 | D        | Killed an ogre
    17 | D        | Reached skill level 5 in Fighting
    17 | D        | Reached skill level 5 in Dodging
    17 | D        | Reached skill level 6 in Unarmed Combat
    17 | D        | Reached XP level 3. HP: 10/42 MP: 2/2
    17 | D        | Reached XP level 4. HP: 11/50 MP: 3/3
    66 | D        | Noticed Sigmund
    77 | D        | Killed Sigmund
    77 | D        | Reached ** piety under Trog
    78 | D        | Reached skill level 7 in Unarmed Combat
    78 | D        | Reached XP level 5. HP: 56/61 MP: 4/4
    78 | D        | Reached XP level 6. HP: 62/68 MP: 5/5
    90 | D        | Found an ornate altar of the Wu Jian Council.
    90 | D        | Found a shimmering blue altar of Sif Muna.
    92 | D        | Found a radiant altar of Vehumet.
    96 | D        | Reached skill level 8 in Unarmed Combat
   126 | D        | Found Erysu Dona's Armour Emporium.
   126 | D        | Found an ancient bone altar of Kikubaaqudgha.
   126 | D        | Found a hazy altar of Hepliaklqana.
   126 | D        | Found a stormy altar of Qazlal.
   126 | D        | Found a hide-covered altar of Uskayaw.
   126 | D        | Found a blossoming altar of Fedhas.
   126 | D        | Found a bloodstained altar of Trog.
   126 | D        | Found an iron altar of Okawaru.
   126 | D        | Found a basalt altar of Yredelemnul.
   126 | D        | Found a glowing golden altar of the Shining One.
   126 | D        | Found a snail-covered altar of Cheibriados.
   126 | D        | Found a sacrificial altar of Ru.
   126 | D        | Found a glowing silver altar of Zin.
   126 | D        | Found a shadowy altar of Dithmenos.
   126 | D        | Found a white marble altar of Elyvilon.
   126 | D        | Noticed a yak
   133 | D        | Killed a yak
   134 | D        | Found an opulent altar of Gozag.
   135 | D        | Found a sparkling altar of Nemelex Xobeh.
   162 | D        | Found a burning altar of Makhleb.
   162 | D        | Found a viscous altar of Jiyva.
   162 | D        | Found a shimmering altar of Xom.
   162 | D        | Found a corrupted altar of Lugonu.
   162 | D        | Noticed a slime creature
   166 | D        | Killed a slime creature
   166 | D        | Reached *** piety under Trog
   167 | D        | Reached skill level 9 in Unarmed Combat
   167 | D        | Reached XP level 7. HP: 80/80 MP: 6/6
   197 | D        | Noticed a kobold demonologist
   197 | D        | Noticed a kobold demonologist
   198 | D        | Noticed a hellwing
   199 | D        | Paralysed by a floating eye for 3 turns
   204 | D        | Noticed a ynoxinul
   204 | D        | Noticed a soul eater
   208 | D        | Killed a kobold demonologist
   209 | D        | Reached skill level 10 in Unarmed Combat
   215 | D        | Slain by a hellwing

Illustrated notes

Levels and vault maps discovered:
D:        dungeon_sprint_1 [red_sonja_temple_1, red_sonja_temple_small_1]

Skill      XL: |  1  2  3  4  5  6  7 |
---------------+----------------------+-----
Fighting       | 3 5 6 8 |  8.9
Dodging        | 3 5 6 8 |  8.8
Unarmed Combat | 4 6 7 9 10 | 10.5

Action                     |  1- 3 |  4- 6 |  7- 9 || total
---------------------------+-------+-------+-------++-------
  Melee: Unarmed           |     6 |    17 |    14 ||    37
 Invoke: Berserk           |       |     1 |       ||     1
  Evoke: Wand              |     1 |       |       ||     1
 Armour: Animal skin       |     2 |    12 |    22 ||    36
  Dodge: Dodged            |     2 |     2 |     4 ||     8

Table legend: (Time is in decaauts)
 A = Elapsed time spent in this place.
 B = Non-inter-level travel time spent in this place.
 C = Inter-level travel time spent in this place.
 D = Time resting spent in this place.
 E = Time spent auto-exploring this place.
 F = Levels seen in this place.
 G = Mean time per level.
                   A        B        C        D        E       F      G
               +--------+--------+--------+--------+--------+-----+--------+
         Total |    216 |    205 |     11 |     58 |      1 |   1 |  216.0 |
       Dungeon |    216 |    205 |     11 |     58 |      1 |   1 |  216.0 |
               +--------+--------+--------+--------+--------+-----+--------+

Top non-repeatable levels by time:
       D: 216 daAuts
